 Dungeon Crawl Stone Soup version 0.28-b1-1-g3c77fb2ed1 (webtiles) character file.

Game seed: 15698746707007350180

464 Dormantt the Magician (level 6, 0/32 HPs)
             Began as a Deep Elf Fire Elementalist on Jan 31, 2022.
             Slain by an orc (4 damage)
             ... on level 5 of the Dungeon.
             The game lasted 00:03:16 (4883 turns).

Dormantt the Magician (Deep Elf Fire Elementalist)  Turns: 4883, Time: 00:03:17

Health: 0/32       AC:  2    Str:  5    XL:     6   Next: 80%
Magic:  12/17      EV: 12    Int: 22    God:
Gold:   108        SH:  0    Dex: 15    Spells: 4/17 levels left

rFire   . . .      SeeInvis .   (no weapon)
rCold   . . .      Faith    .   (no shield)
rNeg    . . .      Spirit   .   a - +0 robe
rPois   .          Reflect  .   (no helmet)
rElec   .          Harm     .   h - scarf {repulsion}
rCorr   .          Rampage  .   (no gloves)
Will    .....                   (no boots)
Stlth   ++........              (no amulet)
HPRegen 0.10/turn               (no ring)
MPRegen 0.15/turn               (no ring)

@: repel missiles
A: no striking features
a: no special abilities


You were on level 5 of the Dungeon.
You visited 1 branch of the dungeon, and saw 5 of its levels.

You collected 198 gold pieces.
You spent 90 gold pieces at shops.

Inventory:

Armour
 a - a +0 robe (worn)
 h - a scarf of repulsion (worn)
Jewellery
 f - a ring of protection from cold
Wands
 n - a wand of polymorph (7)
Scrolls
 b - 4 scrolls of identify {unknown}
 c - a scroll of fear {unknown}
 d - 3 scrolls of teleportation {unknown}
 g - a scroll of amnesia {unknown}
 j - a scroll of immolation {unknown}
 m - a scroll of brand weapon {unknown}
Potions
 e - a potion of attraction {unknown}
 i - a potion of heal wounds {unknown}
 k - 2 potions of brilliance {unknown}
 l - a potion of haste {unknown}
 o - a potion of flight {unknown}
 p - a potion of invisibility {unknown}
 q - a potion of curing


   Skills:
 + Level 2.6 Dodging
 + Level 2.9 Stealth
 * Level 6.3 Spellcasting
 + Level 2.6 Conjurations
 * Level 6.3 Fire Magic


You had 4 spell levels left.
You knew the following spells:

 Your Spells              Type           Power      Damage    Failure   Level
a - Foxfire               Conj/Fire      100%       2x1d9     1%          1
b - Scorch                Fire           68%        2d8       1%          2
c - Conjure Flame         Conj/Fire      26%        6-21      4%          3
d - Inner Flame           Hex/Fire       20%        N/A       7%          3
e - Flame Wave            Conj/Fire      26%        2d7       14%         4

Your spell library contained the following spells:

 Spells                   Type           Power      Damage    Failure   Level
 Blink                    Tloc           14%        N/A       13%         2
 Corpse Rot               Necr/Air       14%        N/A       13%         2
 Dispel Undead            Necr           7%         3d8       65%         4
 Manifold Assault         Tloc           7%         N/A       94%         5
 Death Channel            Necr           3%         N/A       100%        6
 Storm Form               Tmut/Air       3%         N/A       100%        7


Dungeon Overview and Level Annotations

Branches:
Dungeon (5/15)
 Temple: D:4-7

Altars:
Zin

Shops:
D:1 ![[   D:4 =


Message History

Confirm with . or Enter, or press ? or * to list all spells.
You conjure some foxfire!
An orc comes into view. It is wielding a +0 flail.
The foxfire hits the orc wizard.
The orc wizard is severely wounded.
The foxfire hits the orc wizard but does no damage.
The orc wizard is severely wounded.
The orc wizard points at you and mumbles some strange words.
You are confused.
You're too confused to cast spells.
You're too confused to cast spells.
There are monsters nearby!
You're too confused to cast spells.
You bump into the rock wall.
The orc wizard hits you with a +0 dagger.
The orc misses you.
You see here a +0 dagger.
The orc wizard hits you with a +0 dagger.
The orc barely misses you.
The orc wizard gestures at you while chanting.
The puff of flame hits you!
You feel less confused. The orc hits you with a +0 flail.
Casting: Foxfire (safe; 1% risk of failure)
Confirm with . or Enter, or press ? or * to list all spells.
You conjure some foxfire!
The orc hits you with a +0 flail.
* * * LOW HITPOINT WARNING * * *
The foxfire hits the orc wizard.
You kill the orc wizard!
The foxfire hits the orc.
The orc is moderately wounded.
The orc hits you with a +0 flail.
* * * LOW HITPOINT WARNING * * *
Unknown command.
Casting: Foxfire (safe; 1% risk of failure)
Confirm with . or Enter, or press ? or * to list all spells.
Flames lash the orc.
You kill the orc!
The orc hits you with a +0 flail.
You die...

#....<.#.#. #
#.###########.
#..#.###.#.>#
#.#...........
#..#.#....#.#
#.#.##########
......#.#..#.# #.#.####
.##..###.#..#.# #......#
...........# #......#
####........# #......#
.........o.# #.#.####
###..).)))@# #.#.# #
#....###.ยง.###.#.####....
##.# #...#...........# #
#...#.#.#.####..#
####.........# #..#.#.#..#
#..#.#.#.## #..#.#.#.#
#..#.#.#.#


You could see an orc.

Vanquished Creatures
  Edmund (D:5)
  An ogre (D:4)
  A jelly (D:5)
  A centaur skeleton (D:4)
  An iguana (D:5)
  An orc wizard (D:5)
  6 adders
  An ufetubus (D:3)
  A worm (D:2)
  A dart slug (D:2)
  9 orcs
  4 endoplasms
  4 giant cockroaches
  8 goblins
  9 hobgoblins
  5 quokkas
  6 ball pythons
  8 bats
  2 frilled lizards
  5 kobolds
  4 rats
79 creatures vanquished.

Vanquished Creatures (others)
  346 foxfires
346 creatures vanquished.

Grand Total: 425 creatures vanquished

Notes
Turn   | Place    | Note
-------+----------+-------------------------------------------
     0 | D:1      | Dormantt the Deep Elf Fire Elementalist began the quest for
                  | the Orb.
     0 | D:1      | Reached XP level 1. HP: 10/10 MP: 6/6
   296 | D:1      | Found Matese's Armour Shoppe.
   505 | D:1      | Found Cueffeda's Distillery.
   561 | D:1      | Reached XP level 2. HP: 15/15 MP: 6/8
   676 | D:1      | Learned a level 2 spell: Scorch
  1482 | D:1      | Found Lyp Qeru's Armour Boutique.
  2039 | D:2      | Reached XP level 3. HP: 19/19 MP: 7/10
  2043 | D:2      | Learned a level 3 spell: Conjure Flame
  2047 | D:2      | Learned a level 3 spell: Inner Flame
  2136 | D:2      | Found a faded altar of an unknown god.
  2853 | D:2      | Reached XP level 4. HP: 24/24 MP: 6/12
  3859 | D:4      | Reached XP level 5. HP: 28/28 MP: 10/14
  3864 | D:4      | Learned a level 4 spell: Flame Wave
  4090 | D:4      | Noticed an ogre
  4093 | D:4      | Killed an ogre
  4094 | D:4      | Reached skill level 5 in Spellcasting
  4094 | D:4      | Reached skill level 5 in Fire Magic
  4354 | D:4      | Found Cien's Jewellery Emporium.
  4490 | D:5      | Entered Level 5 of the Dungeon
  4543 | D:5      | Reached XP level 6. HP: 32/32 MP: 12/16
  4680 | D:5      | Found Zin's Purification Station.
  4685 | D:5      | Found a glowing silver altar of Zin.
  4685 | D:5      | Noticed Edmund
  4693 | D:5      | Killed Edmund
  4696 | D:5      | Bought a potion of curing for 90 gold pieces
  4883 | D:5      | Slain by an orc

Illustrated notes

Levels and vault maps discovered:
D:1:      lightli_arrival_boilingwater, layout_loops_corners, serial_shops,
          nicolae_shop_hallway_stairs, shop, nicolae_shop_behind_doors,
          chequers_jeans
D:2:      layout_loops_cross, ebering_ecumenical_altar_webs
D:3:      layout_rooms, guppyfry_early_orc_mine
D:4:      layout_rooms, serial_shops, nicolae_shop_advertising_works
          [nicolae_subvault_shop_adworks], minmay_misc_feat_enclosed
D:5:      layout_basic, zin_purify, minmay_temple_entry_butterflies, uniq_ijyb,
          uniq_edmund

Skill      XL: |  1  2  3  4  5  6 |
---------------+-------------------+-----
Fire Magic     | 4 5 6 |  6.3
Spellcasting   | 4 5 6 |  6.3
Conjurations   | 2 |  2.6
Dodging        | |  2.6
Stealth        | |  2.9

Action                   |  1- 3 |  4- 6 || total
-------------------------+-------+-------++-------
Melee: Unarmed           |     2 |       ||     2
 Cast: Foxfire           |   125 |    91 ||   216
       Scorch            |       |    13 ||    13
Armor: Robe              |     4 |     6 ||    10
Dodge: Dodged            |    11 |    10 ||    21
